Map: Dusk Towers

Players

MorN - Winner!

  • Race: Terran Terran
  • League: Master

BumbleBaby

  • Race: Terran Terran
  • League: Master

VOD

Have the link to the VOD?

Description

Time

  • Played on: Dec. 7, 2015, 2:29 a.m.
  • Length: 4:37
Show
View Real Time Build Order
Export as new Build Order

MorN Terran - Winner!

Build Orders: 1/1/1, Banshee Rush 

Get SALT Encoding   

  12  0:00  SCV  
  13  0:12  SCV  
  14  0:17  Supply Depot  
  14  0:25  SCV  
  15  0:32  Refinery  
  15  0:42  Barracks  
  15  0:44  SCV  
  16  0:50  Refinery  
  16  0:59  SCV  
  17  1:11  SCV  
  18  1:23  SCV  
  19  1:31  Reaper  
  20  1:35  Factory  
  20  1:39  Orbital Command  
  20  1:46  Supply Depot  
  20  2:03  Reaper  
  20  2:08  SCV  
  22  2:19  Starport  
  22  2:20  SCV, Hellion  
  25  2:29  Supply Depot  
  25  2:35  Barracks Tech Lab  
  25  2:36  SCV  
  26  2:49  SCV, Hellion  
  28  3:04  Barracks Reactor  
  28  3:10  Hellion  
  30  3:13  Banshee, Cloaking Field  
  31  3:23  SCV  
  32  3:33  Factory Tech Lab  
  32  3:37  Command Center  
  32  3:41  Marine x2  
  32  3:43  SCV  
  39  4:06  Supply Depot  
  39  4:09  Marine  
  38  4:17  Supply Depot  
Show
View Real Time Build Order
Export as new Build Order

BumbleBaby Terran 

Build Orders: 1/1/1 

Get SALT Encoding   

  12  0:00  SCV  
  13  0:12  SCV  
  14  0:17  Supply Depot  
  14  0:25  SCV  
  15  0:35  Refinery  
  15  0:39  SCV  
  16  0:45  Barracks  
  16  0:51  SCV  
  17  0:57  Refinery  
  17  1:05  SCV  
  18  1:20  SCV  
  19  1:32  Orbital Command  
  19  1:33  Marine  
  19  1:35  Factory  
  20  1:51  Supply Depot  
  20  1:58  Marine  
  20  1:59  SCV  
  22  2:11  SCV  
  22  2:20  Factory Tech Lab  
  22  2:21  Starport  
  22  2:22  Marine  
  23  2:31  SCV  
  24  2:38  Supply Depot  
  24  2:43  Marine  
  25  2:48  SCV  
  25  2:49  Hellion  
  28  3:00  SCV  
  29  3:08  Marine  
  29  3:10  Hellion  
  30  3:24  Banshee  
  32  3:34  Command Center  
  32  3:36  Marine  
  33  3:44  Hellion  
  35  3:58  Marine  
  36  4:05  SCV  
  37  4:12  Supply Depot  
Tags
 
Matchup
TvT
Opening
1/1/11/1/1
Race
Terran
Replay Pack
MorN pack 2
Strategy
Banshee Rush
Add a new tag
Caveats
  • Supply blocks, unpowered buildings, or Contaminate may cause inaccurate times.
  • Supply counts are checked every 10 seconds.